 Dungeon Crawl Stone Soup version 0.29.1-2-gbd0b4ee654 (webtiles) character file.

Game seed: 2131721624721504666

1 Icepheonix32 the Insei (level 1, -1/15 HPs)
             Began as a Demigod Transmuter on Nov 9, 2022.
             Slain by a hobgoblin (5 damage)
             ... on level 1 of the Dungeon.
             The game lasted 00:00:40 (62 turns).

Icepheonix32 the Insei (Demigod Transmuter)           Turns: 62, Time: 00:00:41

Health: -1/15      AC:  2    Str: 11    XL:     1   Next: 13%
Magic:  4/5        EV: 12    Int: 15    God:
Gold:   8          SH:  0    Dex: 14    Spells: 2/3 levels left

rFire   . . .      SeeInvis .     - Unarmed
rCold   . . .      Faith    .   (no shield)
rNeg    . . .      Spirit   .   a - +0 robe
rPois   +          Reflect  .   (helmet currently unavailable)
rElec   .          Harm     .   (no cloak)
rCorr   .          Rampage  .   (no gloves)
Will    .....                   (boots currently unavailable)
Stlth   +.........              (no amulet)
HPRegen 0.05/turn               c - ring of poison resistance
MPRegen 0.09/turn               (no ring)

@: appendages (expiring)
A: horns 2, talons 2, high MP 1, forlorn, divine attributes
a: End Transformation


You were on level 1 of the Dungeon.
You had temporarily grown beastly horns and talons.
You visited 1 branch of the dungeon, and saw 1 of its levels.

You collected 8 gold pieces.

Inventory:

Armour
 a - a +0 robe (worn)
Jewellery
 c - a ring of poison resistance (left hand)
Potions
 b - a potion of lignification


   Skills:
 + Level 0.8 Fighting
 + Level 1.8 Dodging
 + Level 2.7 Unarmed Combat
 + Level 1.7 Spellcasting
 * Level 1.8 Transmutations


You had 2 spell levels left.
You knew the following spells:

 Your Spells              Type           Power      Damage    Failure   Level
a - Beastly Appendage     Tmut           12%        N/A       11%         1

Your spell library contained the following spells:

 Spells                   Type           Power      Damage    Failure   Level
 Wereblood                Tmut           6%         N/A       16%         2
 Spider Form              Tmut/Pois      4%         N/A       43%         3
 Ice Form                 Ice/Tmut       4%         N/A       83%         4


Dungeon Overview and Level Annotations

Branches:
Dungeon (1/15)


Innate Abilities, Weirdness & Mutations

You have temporarily grown beastly horns and talons.
You have an increased reservoir of magic. (+10% MP)
You shall have no god before yourself.
Your divine heritage dramatically boosts your attributes as you level up.


Message History

Found a short sword.
The bat closely misses you.
A jackal comes into view. x2
You closely miss the bat.
The jackal barks!
You claw the bat, but do no damage. The bat misses you.
The bat barely misses you.
A jackal comes into view.
Found a scroll labelled AMUNEU ZULIY.
The bat barely misses you. The hobgoblin closely misses you.
The bat hits you but does no damage.
The jackal barks!
You hit the hobgoblin but do no damage. The bat barely misses you.
The jackal barely misses you. The hobgoblin hits you.
You closely miss the hobgoblin.
Your transformation is almost over.
The bat barely misses you. The hobgoblin barely misses you.
The jackal bites you.
You hit the hobgoblin but do no damage. You claw the hobgoblin.
The hobgoblin is lightly wounded.
The jackal closely misses you. The jackal bites you.
The hobgoblin closely misses you. The jackal bites you.
You hit the hobgoblin.
The hobgoblin is severely wounded.
The jackal completely misses you. The jackal bites you. The hobgoblin hits you.
* * * LOW HITPOINT WARNING * * *
You are too injured to fight recklessly!
You are too injured to fight recklessly!
You are too injured to fight recklessly!
You are too injured to fight recklessly!
You are too injured to fight recklessly!
You are too injured to fight recklessly!
You are too injured to fight recklessly!
You are too injured to fight recklessly!
You are too injured to fight recklessly!
You are too injured to fight recklessly!
Unknown command.
You hit the jackal.
The jackal is heavily wounded.
The jackal bites you but does no damage.
The jackal closely misses you. The hobgoblin hits you.
You die...

#....?.......#
............#
...........#
..........#
.........#
.hh.....#
###gh....#
#..@hb...#
#...#...## .##
#...# .8# ...
#.####...# .#
..# #........#
#
..#######...#
#........####
...
#..#####.#..
... #^†##
#.#.#


You could see 4 jackals, a hobgoblin and a bat.

Vanquished Creatures
  2 rats (D:1)
2 creatures vanquished.

Notes
Turn   | Place    | Note
-------+----------+-------------------------------------------
     0 | D:1      | Icepheonix32 the Demigod Transmuter began the quest for the
                  | Orb.
     0 | D:1      | Reached XP level 1. HP: 15/15 MP: 5/5
    62 | D:1      | Slain by a hobgoblin

Illustrated notes

Levels and vault maps discovered:
D:1:      ncdulo_watergridlock, layout_basic, chequers_avenue,
          chequers_serial_rivers_room_a

Action                   || total
-------------------------++-------
Melee: Unarmed           ||     9
       Kick              ||     2
       Headbutt          ||     1
 Cast: Beastly Appendage ||     3
Armor: Robe              ||     3
Dodge: Dodged            ||    15
